 Dungeon Crawl Stone Soup version 0.28-a0-723-g095bd1b (webtiles) character file.

Game seed: 1024259829249443761

2296 NeededCrab the Artisan of Death (level 9, -3/62 HPs)
             Began as a Demonspawn Gladiator on Oct 25, 2021.
             Was a Priest of Kikubaaqudgha.
             Slain by an iron imp (9 damage)
             ... summoned by a kobold demonologist
             ... in a bailey.
             The game lasted 00:21:46 (7267 turns).

NeededCrab the Artisan of Death (DsGl)              Turns: 7267, Time: 00:21:46

Health: -3/62      AC:  5    Str: 14    XL:     9   Next: 17%
Magic:  12/15      EV: 12    Int: 15    God:    Kikubaaqudgha [***...]
Gold:   276        SH:  0    Dex: 15    Spells: 10/16 levels left

rFire   + . .      SeeInvis .   a - +1 quarterstaff
rCold   + . .      Faith    .   (shield currently unavailable)
rNeg    . . .      Spirit   .   K - +1 robe "Gulias" {rElec Int+2}
rPois   .          Reflect  .   c - +0 helmet
rElec   +          Harm     .   (no cloak)
rCorr   .          Rampage  .   g - +0 pair of gloves
Will    .....                   (boots unavailable)
Stlth   +.........              F - amulet of regeneration
HPRegen 1.20/turn               H - ring of protection from cold
MPRegen 0.14/turn               x - ring of protection from fire

@: no status effects
A: hooves 3, spiny 1
a: Renounce Religion, Receive Corpses


You were in a bailey.
You worshipped Kikubaaqudgha.
Kikubaaqudgha was most pleased with you.
You visited 1 branch of the dungeon, and saw 7 of its levels.
You also visited: Bailey.

You collected 276 gold pieces.

Inventory:

Hand Weapons
 a - a +1 quarterstaff (weapon)
Missiles
 d - 3 throwing nets
Armour
 b - a +0 leather armour
 c - a +0 helmet (worn)
 g - a +0 pair of gloves (worn)
 l - a +1 pair of gloves
 K - the +1 robe "Gulias" (worn) {rElec Int+2}
   (You found it on level 5 of the Dungeon)

   Int:       It affects your intelligence (+2).
   rElec:     It insulates you from electricity.
Magical Staves
 B - a staff of earth
Jewellery
 f - a +6 ring of strength
 x - a ring of protection from fire (right hand)
 D - a ring of protection from fire
 F - an amulet of regeneration (around neck)
 H - a ring of protection from cold (left hand)
 O - an amulet of magic regeneration
Wands
 u - a wand of flame (12)
 J - a wand of iceblast (14)
 M - a wand of paralysis (3)
 P - a wand of acid (4)
Scrolls
 h - 4 scrolls of identify
 i - a scroll of noise
 j - a scroll of fog {unknown}
 k - a scroll of enchant weapon
 o - 2 scrolls of fear {unknown}
 p - a scroll of silence {unknown}
 q - 5 scrolls of teleportation
 r - 2 scrolls of blinking {unknown}
 v - a scroll of acquirement {unknown}
 y - a scroll of holy word {unknown}
 C - a scroll of brand weapon {unknown}
Potions
 e - 4 potions of invisibility
 m - a potion of cancellation {unknown}
 n - 3 potions of degeneration
 s - 4 potions of curing
 t - a potion of lignification {unknown}
 w - a potion of attraction {unknown}
 z - 2 potions of heal wounds {unknown}
 A - a potion of magic {unknown}
 E - a potion of brilliance {unknown}
 G - a potion of berserk rage {unknown}
 I - a potion of mutation {unknown}
 L - a potion of haste {unknown}
 N - a potion of flight {unknown}


   Skills:
 - Level 2.3 Fighting
 * Level 7.1 Staves
 - Level 1.7 Throwing
 + Level 4.3 Armour
 - Level 2.6 Dodging
 + Level 4.1 Spellcasting
 * Level 7.4 Necromancy


You had 10 spell levels left.
You knew the following spells:

 Your Spells              Type           Power      Damage    Failure   Level
a - Pain                  Necr           100%       1d9       1%          1
b - Animate Dead          Necr           12%        N/A       9%          4
A - Animate Skeleton      Necr           50%        N/A       1%          1

Your spell library contained the following spells:

 Spells                   Type           Power      Damage    Failure   Level
 Sublimation of Blood     Necr           12%        N/A       1%          2
 Vampiric Draining        Necr           12%        2d7       2%          3
 Corpse Rot               Necr/Air       28%        N/A       6%          2
 Dispel Undead            Necr           25%        3d12      9%          4
 Beastly Appendage        Tmut           6%         N/A       19%         1
 Foxfire                  Conj/Fire      12%        2x1d4     19%         1
 Agony                    Necr           25%        N/A       22%         5
 Wereblood                Tmut           3%         N/A       26%         2
 Conjure Flame            Conj/Fire      3%         6-21      47%         3
 Inner Flame              Hex/Fire       3%         N/A       47%         3
 Spider Form              Tmut/Pois      1%         N/A       47%         3
 Borgnjor's Vile Clutch   Necr/Erth      7%         N/A       71%         5
 Death Channel            Necr           12%        N/A       77%         6
 Flame Wave               Conj/Fire      3%         3d3       87%         4
 Simulacrum               Ice/Necr       7%         N/A       99%         6


Dungeon Overview and Level Annotations

Branches:
Dungeon (7/15)             Bailey (1/1)
 Temple: D:4-7

Altars:
Kikubaaqudgha

Annotations:
D:7 Pikel


Innate Abilities, Weirdness & Mutations

You have hooves in place of feet.
You are partially covered in sharp spines.


Message History

The orc high priest is severely wounded.
The orc high priest is struck by your spines.
The orc high priest hits you with a +0 war axe!
The orc warrior is struck by your spines.
The orc warrior barely misses you.
The kobold demonologist closely misses you.
You completely miss the orc high priest.
Your kick misses the orc high priest.
The orc high priest is almost dead.
The orc high priest utters an invocation to Beogh.
The orc warrior hits you with a +0 war axe!
* * * LOW HITPOINT WARNING * * *
Your orc skeleton hits the orc high priest but does no damage.
The kobold demonologist casts a spell.
Your orc skeleton hits the iron imp with a +0 hand axe!
Your orc skeleton closely misses the ufetubus.
Okay, then.
You barely miss the orc high priest.
The orc high priest is almost dead.
The orc high priest is struck by your spines.
The orc high priest hits you but does no damage.
You hit the orc high priest but do no damage.
Your kick misses the orc high priest.
The orc high priest is almost dead.
Your orc skeleton closely misses the red devil.
Your orc skeleton hits the ufetubus with a +0 hand axe.
The iron imp hits you.
* * * LOW HITPOINT WARNING * * *
The orc high priest prays.
The orc high priest calls upon Beogh to heal something.
Kikubaaqudgha delivers you a corpse! The red devil closely misses you.
The ufetubus barely misses you. The ufetubus misses you.
Your orc skeleton hits the red devil with a +0 hand axe.
The orc high priest mumbles some strange prayers to Beogh against you.
Beogh smites you!
* * * LOW HITPOINT WARNING * * *
The iron imp hits you!
You die...
Kikubaaqudgha rasps: "You have failed me!
Welcome... death!"

######≈≈≈≈...≈≈≈≈######
#...........#
#####'''#####
#..'.))..+ #..'.....+
####..#..⌠..#
#.....#.....#
#.85..#.....#
#..5@.####### #Z8o###
#.4Ko...... #.854......
+........_. ##+#.......
####### ... ...#


You could see an orc high priest (ally target), a kobold demonologist, a red
devil (summoned), an iron imp (summoned), 2 ufetubi and a friendly orc skeleton.

Vanquished Creatures
  2 water moccasins
  2 sky beasts
  An orc warrior (D:5)
  A black bear (D:6)
  3 ice beasts
  A necrophage (D:6)
  A centaur (D:6)
  A phantom (D:6)
  2 bullfrogs
  2 bullfrog zombies (D:5)
  A crimson imp (D:4)
  A jelly (D:7)
  5 orc priests
  2 bullfrog skeletons
  6 hounds
  Jessica (D:3)
  2 iguanas
  Natasha (twice) (D:3)
  A scorpion zombie (D:5)
  3 orc wizards (D:6)
  A howler monkey zombie (D:7)
  7 gnolls
  6 adders
  3 white imps
  An ufetubus (D:5)
  A dart slug (D:2)
  20 orcs
  6 bats
  4 endoplasms
  3 giant cockroaches
  8 hobgoblins
  2 jackals (D:3)
  6 quokkas
  11 ball pythons
  A frilled lizard (D:3)
  5 goblins
  10 kobolds
  7 rats
142 creatures vanquished.

Vanquished Creatures (collateral kills)
  An ice beast (D:6)
  An endoplasm (D:2)
2 creatures vanquished.

Vanquished Creatures (others)
  A plant (D:2)
1 creature vanquished.

Grand Total: 145 creatures vanquished

Notes
Turn   | Place    | Note
-------+----------+-------------------------------------------
     0 | D:1      | NeededCrab the Demonspawn Gladiator began the quest for the
                  | Orb.
     0 | D:1      | Reached XP level 1. HP: 16/16 MP: 1/1
   320 | D:1      | Gained mutation: You are partially covered in sharp spines.
                  | [demonic ancestry]
   320 | D:1      | Reached XP level 2. HP: 11/22 MP: 2/2
   946 | D:1      | Found a faded altar of an unknown god.
   950 | D:1      | Prayed at the altar of an unknown god.
   950 | D:1      | Became a worshipper of Kikubaaqudgha
   950 | D:1      | Reached * piety under Kikubaaqudgha
   950 | D:1      | Received a gift from Kikubaaqudgha
   953 | D:1      | Learned a level 1 spell: Animate Skeleton
   980 | D:2      | Reached skill level 1 in Armour
   984 | D:2      | Reached XP level 3. HP: 28/28 MP: 3/3
  1418 | D:2      | Learned a level 1 spell: Pain
  1488 | D:2      | Reached skill level 1 in Necromancy
  1488 | D:2      | Gained mutation: You have large cloven feet. [demonic
                  | ancestry]
  1488 | D:2      | Reached XP level 4. HP: 11/34 MP: 4/4
  1707 | D:1      | Reached ** piety under Kikubaaqudgha
  1729 | D:2      | Reached skill level 1 in Spellcasting
  2251 | D:3      | Noticed Natasha
  2262 | D:3      | Killed Natasha
  2263 | D:3      | Reached XP level 5. HP: 33/39 MP: 6/6
  2383 | D:3      | Noticed Natasha
  2398 | D:3      | Killed Natasha
  2606 | D:3      | Noticed Jessica
  2626 | D:3      | Killed Jessica
  3682 | D:4      | Gained mutation: You have hoof-like feet. [demonic
                  | ancestry]
  3682 | D:4      | Reached XP level 6. HP: 44/45 MP: 8/8
  3733 | D:4      | Noticed an ice beast
  4336 | D:5      | Entered Level 5 of the Dungeon
  4847 | D:5      | Reached skill level 5 in Staves
  4847 | D:5      | Reached XP level 7. HP: 51/51 MP: 10/10
  5112 | D:5      | Identified the +1 robe "Gulias" {rElec Int+2}
  5545 | D:6      | Reached skill level 5 in Necromancy
  5653 | D:6      | Reached XP level 8. HP: 47/57 MP: 9/12
  5725 | D:6      | Reached *** piety under Kikubaaqudgha
  5725 | D:6      | Received a gift from Kikubaaqudgha
  6008 | D:5      | HP: 1/57 [orc warrior (15)]
  6254 | D:6      | Learned a level 4 spell: Animate Dead
  6522 | D:6      | Gained mutation: You have hooves in place of feet. [demonic
                  | ancestry]
  6522 | D:6      | Reached XP level 9. HP: 58/62 MP: 14/14
  7167 | D:7      | Noticed Pikel
  7184 | D:7      | Found a flagged portal.
  7195 | Bailey   | Entered a bailey
  7251 | Bailey   | Noticed an orc high priest
  7252 | Bailey   | Found an iron altar of Okawaru.
  7252 | Bailey   | Noticed a kobold demonologist
  7264 | Bailey   | Noticed a red devil
  7267 | Bailey   | Slain by an iron imp

Illustrated notes

Levels and vault maps discovered:
D:1:      minmay_arrival_hallway, layout_loops_ring,
          shapermc_ecumenical_altar_acropolis, st_stairs_1,
          minmay_tiny_reverse_x
D:2:      cheibrodos_old_hovel, layout_basic
D:3:      layout_basic, uniq_jessica, uniq_natasha
D:4:      layout_cave_pools, serial_column_ruins, column_ruins_hut,
          column_ruins_hut, column_ruins_columns_straight,
          column_ruins_open_small, column_ruins_grid_3, column_ruins_open_small,
          column_ruins_open_tiny, minmay_fire_ice_demons
D:5:      layout_loops_corners
D:6:      layout_basic, st_stairs_1
D:7:      layout_loops_ring, minmay_temple_entry_nine_rooms, enter_bailey_2,
          uniq_pikel, uniq_harold
Bailey:   bailey_axe_of_yendor_kennysheep, bailey

Skill      XL: |  1  2  3  4  5  6  7  8  9 |
---------------+----------------------------+-----
Staves         | 3 4 5 6 7 |  7.1
Armour         | 1 2 3 4 |  4.3
Necromancy     | 1 2 3 4 5 7 |  7.4
Spellcasting   | 1 2 3 4 |  4.1
Fighting       | |  2.3
Throwing       | |  1.7
Dodging        | |  2.6

Action                   |  1- 3 |  4- 6 |  7- 9 || total
-------------------------+-------+-------+-------++-------
Melee: Quarterstaff      |    78 |   104 |   155 ||   337
       Kick              |       |    34 |    31 ||    65
       Unarmed           |       |     6 |       ||     6
 Cast: Animate Skeleton  |     2 |     4 |     8 ||    14
       Pain              |       |     5 |    32 ||    37
       Animate Dead      |       |       |     1 ||     1
Invok: Receive Corpses   |       |       |     2 ||     2
  Use: Scroll            |       |       |     5 ||     5
Armor: Leather armour    |    28 |    24 |     1 ||    53
       Skin              |       |     1 |       ||     1
       Robe              |       |       |    43 ||    43
Dodge: Dodged            |    45 |    53 |    95 ||   193

Table legend: (Time is in decaauts)
 A = Elapsed time spent in this place.
 B = Non-inter-level travel time spent in this place.
 C = Inter-level travel time spent in this place.
 D = Time resting spent in this place.
 E = Time spent auto-exploring this place.
 F = Levels seen in this place.
 G = Mean time per level.
                   A        B        C        D        E       F      G
               +--------+--------+--------+--------+--------+-----+--------+
         Total |   7315 |   7036 |    279 |    880 |   4761 |   8 |  914.4 |
       Dungeon |   7244 |   6965 |    279 |    870 |   4735 |   7 | 1034.9 |
        Bailey |     70 |     70 |      0 |     10 |     26 |   1 |   70.0 |
               +--------+--------+--------+--------+--------+-----+--------+

Top non-repeatable levels by time:
     D:6: 1305 daAuts
     D:4: 1281 daAuts
     D:1: 1184 daAuts
     D:3: 1143 daAuts
     D:5: 1102 daAuts
     D:2: 896 daAuts
     D:7: 331 daAuts
  Bailey: 70 daAuts
